 Dungeon Crawl Stone Soup version 0.24-a0-235-g3f03afc (webtiles) character file.

Game seed: 5756612647339670130

63 Hylith the Skirmisher (level 3, -4/33 HPs)
             Began as a Minotaur Fighter on Apr 7, 2019.
             Killed from afar by a white imp (10 damage)
             ... with a puff of frost
             ... summoned by Natasha
             ... on level 2 of the Dungeon.
             The game lasted 00:01:40 (749 turns).

Hylith the Skirmisher (Minotaur Fighter)             Turns: 749, Time: 00:01:40

Health: -4/33      AC:  7    Str: 21    XL:     3   Next: 87%
Magic:  2/2        EV:  7    Int:  5    God:
Gold:   83         SH:  9    Dex:  9    Spells: 2/2 levels left

rFire    . . .     SeeInvis .   a - +0 flail
rCold    . . .     Gourm    .   c - +0 shield
rNeg     . . .     Faith    .   b - +0 scale mail
rPois    .         Spirit   .   (helmet restricted)
rElec    .         Reflect  .   j - scarf {repulsion}
rCorr    .         Harm     .   (no gloves)
MR       .....                  (no boots)
Stlth    ..........             (no amulet)
HPRegen  0.11/turn              (no ring)
MPRegen  0.08/turn              (no ring)

@: slowed, repel missiles, very slow
A: retaliatory headbutt, horns 2
a: no special abilities


You were on level 2 of the Dungeon.
You were not hungry.

You visited 1 branch of the dungeon, and saw 2 of its levels.

You collected 83 gold pieces.

Inventory:

Hand Weapons
 a - a +0 flail (weapon)
Missiles
 e - 47 stones (quivered)
Armour
 b - a +0 scale mail (worn)
 c - a +0 shield (worn)
 j - a scarf of repulsion (worn)
Jewellery
 o - a cursed ring of attention {unknown}
 p - an uncursed ring of flight {unknown}
Scrolls
 h - 2 scrolls of fog {unknown}
 k - 2 scrolls of enchant armour {unknown}
 l - 2 scrolls of identify {unknown}
Potions
 d - a potion of might
 g - a potion of curing {unknown}
 m - a potion of mutation {unknown}
 n - a potion of degeneration {unknown}
 q - a potion of resistance {unknown}
Comestibles
 f - 4 rations
 i - 3 chunks of flesh


   Skills:
 * Level 4.2 Fighting
 * Level 3.5 Maces & Flails
 * Level 4.1 Armour
 * Level 4.2 Shields


You had 2 spell levels left.
You didn't know any spells.
Your spell library was empty.

Dungeon Overview and Level Annotations

Branches:
Dungeon (2/15)

Altars:

Annotations:
D:2 Natasha


Innate Abilities, Weirdness & Mutations

You reflexively headbutt those who attack you in melee.
You have a pair of horns on your head.


Message History

* * * LOW HITPOINT WARNING * * *
Natasha barely misses you.
The shadow imp hits you but does no damage.
You barely miss Natasha. Your headbutt misses Natasha.
Natasha is almost dead.
Natasha stares at you and mumbles some strange words.
You feel as though you will be slow longer.
The white imp gestures at you.
The puff of frost is repelled.
Natasha closely misses you.
The shadow imp hits you but does no damage.
You block the white imp's attack.
You closely miss Natasha.
Natasha is almost dead.
Natasha claws you but does no damage. x2; The shadow imp barely misses you.
You furiously retaliate!
You headbutt the shadow imp. You block the white imp's attack.
Natasha claws you but does no damage.
The shadow imp hits you but does no damage.
The white imp gestures at you. The puff of frost hits you!
You die...

#.# ..# ########## #.##
#........# #..####
#........# .<....####
#........#####
......^..###.............
.####.##............#####
.##.<....รท.#...5h...#
....#####)......@5..#
##### #.............#
#...........#####
..............########
.#####...>............
###.#....########
#.##...# #.##...# #...#


You could see Natasha, a white imp and a shadow imp.

Vanquished Creatures
  Natasha (D:2)
  A worm (D:2)
  2 dart slugs (D:1)
  2 giant cockroaches (D:1)
  2 goblins (D:2)
  4 hobgoblins (D:1)
  4 jackals (D:1)
  3 bats
  A frilled lizard (D:1)
  4 kobolds
  7 rats (D:1)
31 creatures vanquished.

Notes
Turn   | Place    | Note
-------+----------+-------------------------------------------
     0 | D:1      | Hylith the Minotaur Fighter began the quest for the Orb.
     0 | D:1      | Reached XP level 1. HP: 19/19 MP: 0/0
   116 | D:1      | Reached XP level 2. HP: 25/27 MP: 1/1
   501 | D:1      | Reached XP level 3. HP: 26/33 MP: 2/2
   697 | D:2      | Noticed Natasha
   705 | D:2      | Killed Natasha
   740 | D:2      | Noticed Natasha
   749 | D:2      | Killed from afar by a white imp

Levels and vault maps discovered:
D:1:      ncdulo_wetmaze, layout_loops_ring, minmay_misc_feat_chi,
          minmay_split_cup_large
D:2:      layout_rooms, uniq_natasha

Skill      XL: |  1  2  3 |
---------------+----------+-----
Fighting       | 4 |  4.2
Armour         | 4 |  4.1
Shields        | 4 |  4.2
Maces & Flails | 3 |  3.5

Action                   || total
-------------------------++-------
Melee: Flail             ||    76
       Headbutt          ||    13
Armor: Scale mail        ||    37
Dodge: Dodged            ||    25
       Deflected         ||     1
Block: Shield            ||    37

Table legend:
 A = Non-vault XP
 B = Vault XP
 C = Vault XP percentage of total XP
 D = Non-vault monster count
 E = Vault monster count
 F = Vault count percentage of total count
                 A         B        C        D         E       F
            +---------+---------+-------+---------+---------+-------
      Total |      50 |      40 |  44.4 |      26 |       5 |  16.1
            +---------+---------+-------+---------+---------+-------
        D:1 |      37 |       5 |  11.9 |      21 |       4 |  16.0
        D:2 |      13 |      35 |  72.9 |       5 |       1 |  16.7
            +---------+---------+-------+---------+---------+-------
